 Dungeon Crawl Stone Soup version 0.27-a0-1242-ge70438ac7b (webtiles) character file.

Game seed: 2888114208911186738

184076 EldarEldrad the Devastator (level 17, -4/102 HPs)
             Began as a Deep Elf Fire Elementalist on June 7, 2021.
             Was the Champion of Vehumet.
             Slain by a ghost moth (11 damage)
             ... on level 3 of the Spider Nest on June 9, 2021.
             The game lasted 03:20:21 (46121 turns).

EldarEldrad the Devastator (DEFE)                  Turns: 46121, Time: 03:20:24

Health: -4/102     AC: 10    Str:  4 (5)  XL:     17   Next: 76%
Magic:  0/47       EV: 22    Int: 25 (28) God:    Vehumet [******]
Gold:   1030       SH:  5    Dex: 18 (19) Spells: 22/46 levels left

rFire    + . .     SeeInvis +   T - staff of fire
rCold    . . .     Faith    .   (no shield)
rNeg     . . .     Spirit   .   B - +2 robe of Hiuqoobo {rPois}
rPois    +         Reflect  +   N - +1 helmet
rElec    .         Harm     .   O - scarf {+Inv}
rCorr    .         Rampage  .   U - +2 pair of gloves
Will     +....                  C - +0 pair of boots
Stlth    +++++.....             j - amulet of reflection
HPRegen  0.27/turn              S - ring "Luywuzae" {MP+9 Dex+4}
MPRegen  0.30/turn              a - ring of see invisible

@: about to teleport
A: no striking features
a: Renounce Religion, Evoke Invisibility


You were on level 3 of the Spider Nest.
You worshipped Vehumet.
Vehumet was exalted by your worship.
You visited 5 branches of the dungeon, and saw 28 of its levels.
You also visited: Bailey.

You collected 2911 gold pieces.
You spent 1881 gold pieces at shops.

Inventory:

Missiles
 o - a throwing net
 q - 56 poisoned darts
 J - 2 curare-tipped darts
Armour
 c - the +2 leather armour "Ciaxijiups" {rPois rCorr}
   (You found it on level 9 of the Dungeon)

   It protects you from poison.
   It protects you from acid and corrosion.
 d - a +2 robe of fire resistance
 B - the +2 robe of Hiuqoobo (worn) {rPois}
   (You bought it in a shop on level 2 of the Orcish Mines)

   It protects you from poison.
 C - a +0 pair of boots (worn)
 N - a +1 helmet (worn)
 O - a scarf of invisibility (worn)
 R - the +27 Lear's hauberk
   (You found it on level 10 of the Dungeon)
 U - a +2 pair of gloves (worn)
Magical Staves
 T - a staff of fire (weapon)
Jewellery
 a - a ring of see invisible (right hand)
 j - an amulet of reflection (around neck)
 l - a ring of fire
 D - an amulet of regeneration
 H - a ring of ice
 S - the ring "Luywuzae" (left hand) {MP+9 Dex+4}
   (You bought it in a shop on level 2 of the Orcish Mines)

   [ring of magical power]

   It affects your dexterity (+4).
   It affects your magic capacity (+9).
 V - a ring of poison resistance
 W - a ring of positive energy
Wands
 k - a wand of mindburst (24)
 r - a wand of acid (18)
 x - a wand of iceblast (40)
 A - a wand of paralysis (10)
 E - a wand of polymorph (7)
Scrolls
 b - 4 scrolls of enchant weapon
 e - 4 scrolls of fear
 f - 5 scrolls of fog
 g - 4 scrolls of enchant armour
 h - 8 scrolls of teleportation
 i - 9 scrolls of identify
 m - 4 scrolls of amnesia
 s - 4 scrolls of magic mapping
 w - 5 scrolls of summoning
 y - 2 scrolls of brand weapon
 M - 2 scrolls of silence
 P - 2 scrolls of blinking
Potions
 n - 13 potions of ambrosia
 p - a potion of heal wounds
 t - 9 potions of curing
 u - 2 potions of cancellation
 v - 3 potions of haste
 z - 4 potions of brilliance
 F - 3 potions of mutation
 I - a potion of invisibility
 K - 3 potions of magic
 L - 5 potions of flight
 Q - 2 potions of lignification
 X - a potion of attraction {unknown}
Miscellaneous
 G - a lightning rod (4/4)


   Skills:
 - Level 10.0 Fighting
 - Level 15.0 Dodging
 - Level 10.0 Stealth
 - Level 15.0 Spellcasting
 * Level 17.3 Conjurations
 + Level 3.7 Translocations
 - Level 15.0 Fire Magic
 + Level 6.4 Earth Magic
 - Level 5.0 Evocations


You had 22 spell levels left.
You knew the following spells:

 Your Spells              Type           Power      Damage    Failure   Level
a - Foxfire               Conj/Fire      100%       2x1d9     0%          1
b - Conjure Flame         Conj/Fire      99%        6-21      0%          3
c - Sticky Flame          Conj/Fire      99%        2d11      1%          4
d - Fireball              Conj/Fire      49%        3d19      1%          5
e - Bolt of Magma         Conj/Fire/Erth 45%        4d19      1%          5
f - Starburst             Conj/Fire      49%        8x6d14    1%          6

Your spell library contained the following spells:

 Spells                   Type           Power      Damage    Failure   Level
 Eringya's Noxious Bog    Tmut/Pois      9%         N/A       71%         6
 Dazzling Flash           Conj/Hex       100%       N/A       1%          3
 Inner Flame              Hex/Fire       71%        N/A       1%          3
 Beastly Appendage        Tmut           36%        N/A       3%          1
 Corona                   Hex            20%        N/A       3%          1
 Summon Small Mammal      Summ           72%        N/A       3%          1
 Call Imp                 Summ           18%        N/A       4%          2
 Ensorcelled Hibernation  Hex/Ice        36%        N/A       4%          2
 Wereblood                Tmut           18%        N/A       4%          2
 Animate Armour           Summ/Erth      68%        N/A       8%          4
 Call Canine Familiar     Summ           18%        N/A       9%          3
 Confusing Touch          Hex            18%        N/A       9%          3
 Spider Form              Tmut/Pois      9%         N/A       9%          3
 Summon Guardian Golem    Hex/Summ       18%        N/A       9%          3
 Tukima's Dance           Hex            18%        N/A       9%          3
 Borgnjor's Vile Clutch   Necr/Erth      17%        N/A       22%         5
 Ice Form                 Ice/Tmut       18%        N/A       28%         4
 Summon Ice Beast         Ice/Summ       18%        N/A       28%         4
 Summon Lightning Spire   Summ/Air       18%        N/A       28%         4
 Silence                  Hex/Air        9%         N/A       63%         5
 Shadow Creatures         Summ           N/A        N/A       99%         6


Dungeon Overview and Level Annotations

Branches:
Dungeon (15/15)            Temple (1/1) D:7            Lair (6/6) D:8
  Swamp (0/4) Lair:4       Spider (4/4) Lair:4        Slime (0/5) Lair:6
    Orc (2/2) D:10            Elf (0/3) Orc:2        Vaults (0/5) D:13
 Depths (0/5) D:15         Bailey (visited)

Altars:
Ashenzari
Cheibriados
Dithmenos
Elyvilon
Fedhas
Gozag
Hepliaklqana
Kikubaaqudgha
Makhleb
Nemelex Xobeh
Okawaru
Qazlal
Ru
Sif Muna
Trog
Uskayaw
Vehumet
Wu Jian
Xom
Yredelemnul
Zin
The Shining One

Shops:
D:1 *   Orc:2 ([*=

Annotations:
D:10 1 runed translucent door
Spider:1 3 runed translucent doors, Dilecao's ghost, adept GrCj
Spider:2 Roxanne


Message History

The ghost moth barely misses you. The ghost moth closely misses you.
The ghost moth misses you.
You hit the ghost moth but do no damage.
You burn the ghost moth!
The ghost moth is heavily wounded.
The ghost moth barely misses you. x2
The ghost moth stings you but does no damage.
The ghost moth stares at you.
You feel your power leaking away. The ghost moth closely misses you.
The ghost moth hits you but does no damage.
The ghost moth stings you but does no damage.
You hit the ghost moth but do no damage.
You burn the ghost moth.
The ghost moth is heavily wounded.
The ghost moth closely misses you. The ghost moth hits you!
* * * LOW HITPOINT WARNING * * *
You block the ghost moth's attack.
As you read the scroll of teleportation, it crumbles to dust.
You feel strangely unstable. The ghost moth stares at you.
The ghost moth hits you.
* * * LOW HITPOINT WARNING * * *
You feel dopey. You block the ghost moth's attack. The ghost moth stings you.
* * * LOW HITPOINT WARNING * * *
You hit the ghost moth.
The ghost moth is heavily wounded.
The ghost moth stares at you.
You feel your power leaking away. The ghost moth hits you!
* * * LOW HITPOINT WARNING * * *
You feel clumsy. The ghost moth hits you.
* * * LOW HITPOINT WARNING * * *
You feel weakened. The ghost moth completely misses you.
The ghost moth stares at you. The ghost moth hits you!
You die...

##...## ##^..##.....####......##
....## #..^........# ##.<##...
....# ####^...(#.#..# ##...##.
..### ##..#..#...##### ####..#
..#####..#....#### #######^#...#
.....^..###...### #..........##
#........##...#.## ##.####...##.
...#.....##.#....#####.###..#.##.
......#..##....y@##....#.####..#.
.#.####.......#####.#.#.## ##..##
#### ##......###.#.###.####..##
## ##..).#..##.....####.#.#..#
.## #.#......#..##..####.....##
#.## #......####..#.###.#..#.##
...####...[..# #.#####..##.###
#..#>^#^..<..# #.#.##.#....#
##.^^..#....## #...^##..#.##


You could see a ghost moth (invisible).

Vanquished Creatures
  Rupert (Lair:4)
  Jorgrun (Orc:1)
  A fire giant (D:15)
  An orc warlord (Orc:2)
  4 ghost moths
  2 emperor scorpions
  5 entropy weavers
  2 spark wasps
  Snorg (D:13)
  An ettin (Orc:2)
  The ghost of Zigma the Cruncher, a journeyman DrTm of Dithmenos (Lair:1)
  Fannar (Lair:3)
  4 boulder beetles
  An ice dragon (Lair:6)
  Erolcha (D:12)
  10 hydras
  3 catoblepae
  4 death yaks
  The ghost of Johnny the Thaumaturge, a journeyman DEEE of Dithmenos (D:9)
  A dancing weapon (D:9)
  2 centaur warriors
  6 two-headed ogres
  6 orc high priests
  Urug (Lair:6)
  A tengu warrior (D:10)
  Sonja (Lair:2)
  An iron troll (D:13)
  4 skeletal warriors
  A lindwurm (Lair:6)
  7 orc knights
  28 wolf spiders
  2 deep elf pyromancers
  4 orc sorcerers
  16 orb spiders
  2 manticores
  An oklob plant (Lair:5)
  The ghost of zzzzzzzz the Ducker, a novice DjWz (D:6)
  2 ugly things (D:13)
  6 cyclopes
  2 moths of wrath (Spider:2)
  3 elephants (Lair:6)
  3 black mambas
  14 cane toads
  Maggie (Lair:2)
  3 gargoyles
  7 torpor snails
  An unseen horror (shapeshifter) (D:11)
  11 demonic crawlers
  2 efreet (D:15)
  11 komodo dragons
  4 yaktaurs (D:15)
  3 rime drakes
  A freezing wraith (D:9)
  Psyche (D:8)
  2 kobold demonologists (D:9)
  A meliai (shapeshifter) (D:13)
  7 polar bears
  A queen bee (Lair:1)
  15 slime creatures
  34 jumping spiders
  A hornet (shapeshifter) (D:13)
  9 trolls
  Prince Ribbit (D:5)
  11 hornets
  4 tyrant leeches (Lair:6)
  5 dream sheep (Lair:6)
  12 blink frogs
  57 redbacks
  2 shadows
  A tarantella (shapeshifter) (D:13)
  6 wyverns
  33 tarantellas
  19 yaks
  5 basilisks
  3 wraiths
  2 steam dragons
  3 vampire mosquitoes (D:6)
  5 wargs
  Menkaure (D:6)
  An acid dragon (D:10)
  36 water moccasins
  42 orc warriors
  5 black bears
  2 ice beasts (D:6)
  5 ogres
  2 necrophages (D:5)
  6 wolves (Lair:2)
  4 phantoms
  11 centaurs
  A kobold brigand (D:8)
  14 bullfrogs
  A gnoll sergeant (D:11)
  A water moccasin zombie (D:6)
  A wyvern skeleton (D:7)
  A water moccasin skeleton (D:5)
  40 killer bees
  A vampire bat (Lair:5)
  4 howler monkeys
  15 electric eels
  3 centaur zombies
  3 jellies
  2 gnoll shamans
  A bullfrog skeleton (D:6)
  22 orc priests
  A centaur skeleton (D:6)
  An iguana (D:4)
  22 orc wizards
  A hound zombie (D:5)
  19 gnolls
  A howler monkey skeleton (D:7)
  17 adders
  A white imp (D:8)
  4 worms
  3 dart slugs (D:1)
  73 orcs
  3 endoplasms
  5 giant cockroaches
  17 goblins
  15 hobgoblins
  10 jackals
  17 kobolds
  6 quokkas
  5 ball pythons
  13 bats
  4 frilled lizards
  6 rats
  14 bushes
927 creatures vanquished.

Vanquished Creatures (collateral kills)
  20 foxfires
20 creatures vanquished.

Vanquished Creatures (others)
  1096 foxfires
  75 fungi
  123 plants
1294 creatures vanquished.

Grand Total: 2241 creatures vanquished

Notes
Turn   | Place    | Note
-------+----------+-------------------------------------------
     0 | D:1      | EldarEldrad the Deep Elf Fire Elementalist began the quest
                  | for the Orb.
     0 | D:1      | Reached XP level 1. HP: 10/10 MP: 6/6
   234 | D:1      | Found a faded altar of an unknown god.
   333 | D:1      | Reached XP level 2. HP: 15/15 MP: 6/8
   419 | D:1      | Reached skill level 2 in Conjurations
   733 | D:1      | Reached XP level 3. HP: 19/19 MP: 7/10
   776 | D:1      | Found Bufiep's General Store.
   817 | D:1      | Bought a scroll of noise for 13 gold pieces
  1469 | D:2      | Learned a level 3 spell: Conjure Flame
  1495 | D:2      | Found a bloodstained altar of Trog.
  1684 | D:2      | Reached skill level 3 in Conjurations
  2009 | D:2      | Reached XP level 4. HP: 24/24 MP: 7/11
  2651 | D:3      | Noticed a black bear
  2691 | D:3      | Learned a level 4 spell: Sticky Flame
  2997 | D:3      | Killed a black bear
  2998 | D:3      | Reached skill level 4 in Conjurations
  2998 | D:3      | Reached XP level 5. HP: 28/28 MP: 9/14
  3133 | D:1      | Bought a scroll of teleportation for 39 gold pieces
  3277 | D:4      | Noticed a phantom
  3369 | D:4      | Killed a phantom
  3370 | D:4      | Reached skill level 5 in Spellcasting
  3370 | D:4      | Reached XP level 6. HP: 32/32 MP: 8/15
  3420 | D:4      | Learned a level 5 spell: Fireball
  3513 | D:4      | Reached skill level 5 in Conjurations
  3982 | D:4      | Reached skill level 5 in Fire Magic
  4213 | D:5      | Entered Level 5 of the Dungeon
  4503 | D:5      | Noticed Prince Ribbit
  4589 | D:1      | Bought a scroll of enchant armour for 97 gold pieces
  4822 | D:5      | Reached skill level 6 in Conjurations
  4822 | D:5      | Reached XP level 7. HP: 36/36 MP: 13/17
  4875 | D:5      | Found a runed translucent door.
  4882 | D:5      | Noticed zzzzzzzz's ghost (novice DjWz)
  5875 | D:5      | Killed Prince Ribbit
  5876 | D:5      | Reached skill level 7 in Conjurations
  5876 | D:5      | Reached XP level 8. HP: 41/41 MP: 11/20
  5944 | D:6      | Noticed Menkaure
  5945 | D:6      | Killed Menkaure
  6184 | D:6      | Reached skill level 8 in Conjurations
  6518 | D:6      | Reached skill level 9 in Conjurations
  6803 | D:6      | Reached XP level 9. HP: 45/45 MP: 10/23
  7493 | D:6      | Identified the +8 hand axe of Zin's Approval {freeze, rN++}
  7816 | D:7      | Noticed a gargoyle
  7830 | D:7      | Killed a gargoyle
  7912 | D:8      | Noticed Psyche
  7918 | D:8      | Killed Psyche
  7919 | D:8      | Reached skill level 10 in Conjurations
  8659 | D:7      | Found a staircase to the Ecumenical Temple.
  8686 | Temple   | Entered the Ecumenical Temple
  9029 | Temple   | Became a worshipper of Vehumet
  9167 | D:7      | Reached skill level 11 in Conjurations
  9628 | D:8      | Reached XP level 10. HP: 50/50 MP: 17/25
  9682 | D:8      | Reached skill level 10 in Spellcasting
 10021 | D:8      | Found a staircase to the Lair.
 10259 | Lair:1   | Entered Level 1 of the Lair of Beasts
 10518 | Lair:1   | Found a runed translucent door.
 10518 | Lair:1   | Noticed Zigma's ghost (journeyman DrTm)
 10831 | Lair:1   | Reached skill level 12 in Conjurations
 10987 | Lair:1   | Reached * piety under Vehumet
 10987 | Lair:1   | Offered knowledge of Freeze by Vehumet.
 11198 | Lair:1   | Noticed a cane toad
 11210 | Lair:1   | Killed a cane toad
 11779 | Lair:1   | Reached XP level 11. HP: 54/54 MP: 18/28
 11990 | Lair:1   | Reached skill level 10 in Fire Magic
 12044 | Lair:1   | You fall into a shaft and drop 1 floor!
 12051 | Lair:2   | Reached skill level 13 in Conjurations
 12051 | Lair:2   | Offered knowledge of Static Discharge by Vehumet.
 12083 | Lair:2   | Reached ** piety under Vehumet
 13586 | D:6      | Killed zzzzzzzz's ghost
 14301 | Lair:2   | Noticed Maggie
 14315 | Lair:2   | Killed Maggie
 15078 | Lair:2   | Upgraded the game from 0.27-a0-1220-g54dba09ff7 to
                  | 0.27-a0-1242-ge70438ac7b
 15445 | Lair:3   | Noticed Fannar
 15448 | Lair:3   | Killed Fannar
 15449 | Lair:3   | Reached skill level 14 in Conjurations
 15605 | Lair:3   | Noticed a boulder beetle
 15639 | Lair:3   | Killed a boulder beetle
 15799 | Lair:2   | Noticed Sonja
 15804 | Lair:2   | Killed Sonja
 16089 | Lair:3   | Noticed an eight-headed hydra
 16092 | Lair:3   | Killed an eight-headed hydra
 16093 | Lair:3   | Reached XP level 12. HP: 59/59 MP: 14/30
 16426 | Lair:3   | Identified the +1 chain mail "Jiank" {Int+2}
 17124 | Lair:4   | Offered knowledge of Frozen Ramparts by Vehumet.
 17125 | Lair:4   | Reached skill level 15 in Conjurations
 17304 | Lair:4   | Noticed a seven-headed hydra
 17315 | Lair:4   | Killed a seven-headed hydra
 17488 | Lair:4   | Found a hole to the Spider Nest.
 17499 | Lair:4   | Noticed Rupert
 17847 | Lair:4   | Found a staircase to the Swamp.
 18256 | Lair:4   | Killed Rupert
 18679 | Lair:5   | Noticed a catoblepas
 18679 | Lair:5   | Noticed a catoblepas
 18683 | Lair:5   | Killed a catoblepas
 18690 | Lair:5   | Killed a catoblepas
 18946 | Lair:5   | Noticed a boulder beetle
 18953 | Lair:5   | Killed a boulder beetle
 18957 | Lair:5   | Noticed an eight-headed hydra
 19112 | Lair:5   | Killed an eight-headed hydra
 19255 | Lair:5   | Reached *** piety under Vehumet
 19288 | Lair:5   | Reached XP level 13. HP: 63/63 MP: 4/33
 19596 | Lair:5   | Offered knowledge of Dazzling Flash by Vehumet.
 20859 | Lair:6   | Entered Level 6 of the Lair of Beasts
 21019 | Lair:6   | Reached skill level 10 in Dodging
 21350 | Lair:6   | Reached **** piety under Vehumet
 21520 | Lair:6   | Found a staircase to the Slime Pits.
 21951 | Lair:6   | Noticed Urug
 21955 | Lair:6   | Killed Urug
 21956 | Lair:6   | Reached skill level 15 in Spellcasting
 22224 | Lair:5   | Offered knowledge of Ignite Poison by Vehumet.
 23375 | Lair:6   | Reached XP level 14. HP: 68/68 MP: 21/35
 23642 | Lair:6   | Found a runed translucent door.
 24416 | Lair:1   | Killed Zigma's ghost
 24819 | D:9      | Identified the +2 leather armour "Ciaxijiups" {rPois rCorr}
 25280 | D:9      | Found a runed translucent door.
 25281 | D:9      | Found a shimmering altar of Xom.
 25281 | D:9      | Noticed Johnny's ghost (journeyman DEEE)
 25672 | D:10     | Entered Level 10 of the Dungeon
 25715 | D:10     | Reached ***** piety under Vehumet
 25777 | D:10     | Found a staircase to the Orcish Mines.
 26463 | D:10     | Found the +27 Lear's hauberk
 26625 | D:10     | Found an iron altar of Okawaru.
 26722 | D:10     | Noticed a stone giant
 26723 | D:10     | Found a runed translucent door.
 26823 | Orc:1    | Entered Level 1 of the Orcish Mines
 27034 | Orc:1    | Offered knowledge of Olgreb's Toxic Radiance by Vehumet.
 27055 | Orc:1    | Noticed Jorgrun
 27097 | Orc:1    | Killed Jorgrun
 27767 | Orc:2    | Entered Level 2 of the Orcish Mines
 28759 | Orc:2    | Found a staircase to the Elven Halls.
 29006 | Orc:2    | Reached skill level 5 in Stealth
 29022 | Orc:2    | Noticed an orc warlord
 29875 | Orc:2    | Offered knowledge of Bolt of Magma by Vehumet.
 30199 | Orc:2    | Killed an orc warlord
 30583 | Orc:2    | Learned a level 5 spell: Bolt of Magma
 31124 | Orc:2    | Reached skill level 15 in Dodging
 31293 | Orc:2    | Found Mepisofe's General Store.
 31294 | Orc:2    | Found Hilerir's Jewellery Emporium.
 31296 | Orc:2    | Found Faimooss's Antique Armour Shoppe.
 31296 | Orc:2    | Found Reonkada's Antique Weapon Shoppe.
 31302 | Orc:2    | Bought a silken robe for 114 gold pieces
 31302 | Orc:2    | Identified the +2 robe of Hiuqoobo {rPois} (You bought it
                  | in a shop on level 2 of the Orcish Mines)
 31312 | Orc:2    | Bought a scroll of blinking for 127 gold pieces
 31312 | Orc:2    | Bought a scroll of fear for 59 gold pieces
 31312 | Orc:2    | Bought a potion of lignification for 51 gold pieces
 31312 | Orc:2    | Bought a potion of experience for 850 gold pieces
 31313 | Orc:2    | Reached skill level 15 in Fire Magic
 31313 | Orc:2    | Reached XP level 15. HP: 76/76 MP: 36/36
 31365 | Orc:2    | Bought the ring "Luywuzae" {MP+9 Dex+4} for 531 gold pieces
 31636 | D:11     | Reached skill level 1 in Earth Magic
 31658 | D:11     | Found a gate leading to a gauntlet.
 32475 | D:12     | Noticed Erolcha
 32476 | D:12     | Reached XP level 16. HP: 82/82 MP: 37/37
 32478 | D:12     | Killed Erolcha
 32551 | D:12     | Found a flagged portal.
 32565 | Bailey   | Entered a bailey
 32720 | Bailey   | Found an iron altar of Okawaru.
 33553 | D:12     | Reached skill level 10 in Stealth
 33637 | D:12     | Found a broken altar of Ashenzari.
 33645 | D:12     | Offered knowledge of Starburst by Vehumet.
 33653 | D:12     | Learned a level 6 spell: Starburst
 34064 | D:12     | Acquired a staff of fire
 34077 | D:13     | Reached skill level 5 in Earth Magic
 34077 | D:13     | Noticed Snorg
 34222 | D:13     | Identified the +4 rapier of Kuqah {distort, Dex+5}
 34249 | D:13     | Killed Snorg
 34250 | D:13     | Reached skill level 5 in Fighting
 35381 | D:13     | Found a gate to the Vaults.
 36670 | D:14     | You fall into a shaft and drop 1 floor!
 36670 | D:15     | Entered Level 15 of the Dungeon
 37689 | D:15     | Found a staircase to the Depths.
 38291 | D:9      | Offered knowledge of Yara's Violent Unravelling by Vehumet.
 38292 | D:9      | Killed Johnny's ghost
 38601 | Spider:1 | Entered Level 1 of the Spider Nest
 39219 | Spider:1 | Reached skill level 1 in Evocations
 39586 | Spider:1 | Found a runed translucent gate.
 39587 | Spider:1 | Found a runed translucent gate.
 39588 | Spider:1 | Found a runed translucent gate.
 39589 | Spider:1 | Noticed Dilecao's ghost (adept GrCj)
 40402 | Spider:2 | Identified Roxanne's Grimoire of Stones
 40402 | Spider:2 | Noticed Roxanne
 40839 | Spider:1 | Reached skill level 16 in Conjurations
 41152 | Spider:2 | Reached XP level 17. HP: 99/99 MP: 28/38
 41640 | Spider:2 | Offered knowledge of Spellforged Servitor by Vehumet.
 42262 | Spider:3 | Reached skill level 5 in Evocations
 43141 | Spider:3 | Reached skill level 10 in Fighting
 44017 | Spider:4 | Entered Level 4 of the Spider Nest
 44187 | Spider:4 | Reached skill level 1 in Translocations
 44659 | Spider:4 | Reached skill level 17 in Conjurations
 45169 | Spider:4 | Offered knowledge of Eringya's Noxious Bog by Vehumet.
 46073 | Spider:4 | Reached ****** piety under Vehumet
 46121 | Spider:3 | Slain by a ghost moth

Illustrated notes

Levels and vault maps discovered:
D:1:      ncdulo_smallfort, layout_loops_ring,
          hellmonk_ecumenical_altar_blasted, serial_shops, nicolae_shop_stone
D:2:      layout_loops_ring, basic_altar, minmay_misc_feat_roman,
          minmay_misc_feat_doors, st_stairs_7, grunt_ministairs_12
D:3:      layout_rooms
D:4:      layout_loops_ring
D:5:      wander_river, layout_loops_ring, ebering_ghost_sewer_d, fountainhead,
          nrook_uturn, serial_bayou_pond_d, uniq_prince_ribbit1
D:6:      layout_layer_cave, uniq_menkaure
D:7:      layout_gridville, lemuel_temple_firewalk_b
D:8:      layout_cave_pools, david_lair_generic, uniq_psyche
D:9:      layout_layer_cave, ebering_ghost_xom, minmay_checkerbox
D:10:     minmay_gate_of_8, layout_loops_ring, kennysheep_mini, orc_0_dummy,
          hellmonk_guarded_unrand_lears
D:11:     layout_long_grid, gauntlet_entry_generic, columned_hall_lemuel
D:12:     layout_roguey, enter_bailey_4, evilmike_ruin_ashenzari, uniq_erolcha
D:13:     lemuel_reptile_caves, layout_basic, david_vaults_4, uniq_snorg
D:14:     layout_basic, minmay_hedge_maze
D:15:     grunt_enter_depths_giant_problem, layout_irregular_city
Temple:   kilobyte_greek_temple
Lair:1:   layout_small_grid, ebering_ghost_reflecting_pool, special_room
          [special_room_bee], grunt_megastairs_2
Lair:2:   layout_small_grid, beast_lair_carwin_10, uniq_maggie, uniq_sonja
Lair:3:   layout_roguey, serial_rivers, chequers_serial_rivers_large_b,
          chequers_serial_rivers_micro_e, chequers_serial_rivers_room_b,
          chequers_serial_rivers_micro_b, serial_bayou_shore_a, uniq_fannar
Lair:4:   layout_small_grid, swamp_mist, nicolae_spider_entry_orb_guardian,
          serial_bayou_shore_b, uniq_rupert
Lair:5:   nzn_motion_control, layout_regular_city, st_stairs_7,
          serial_bayou_pond_d, roderic_batcave, minmay_lair_oklob_bushes,
          infiniplex_staircase_pool
Lair:6:   wormcave, layout_loops_ring, minmay_slime_entry_pillars,
          grunt_megastairs_3, uniq_urug
Spider:1: layout_spider_delve, gammafunk_ghost_split
Spider:2: layout_spider_delve, uniq_roxanne
Spider:3: layout_spider_delve, nicolae_spider_jagged_tunnels
Spider:4: spider_rune_water
Orc:1:    layout_diamond_mine, uniq_jorgrun
Orc:2:    st_orc_congregation, layout_diamond_mine

Skill      XL: |  1  2  3  4  5  6  7  8  9 10 11 12 13 14 15 16 17 |
---------------+----------------------------------------------------+-----
Conjurations   | 2 3 4 6 7 9 11 12 14 15 16 17 | 17.3
Spellcasting   | 4 5 6 8 9 11 12 14 15 | 15.0
Fire Magic     | 4 5 6 7 8 9 11 12 13 15 | 15.0
Dodging        | 8 12 15 | 15.0
Stealth        | 7 9 10 | 10.0
Fighting       | 2 8 10 | 10.0
Earth Magic    | 2 5 6 |  6.4
Evocations     | 3 5 |  5.0
Translocations | 3 |  3.7

Action                   |  1- 3 |  4- 6 |  7- 9 | 10-12 | 13-15 | 16-18 || total
-------------------------+-------+-------+-------+-------+-------+-------++-------
Melee: Dagger            |     1 |     3 |    42 |     5 |     7 |       ||    58
       Staff             |       |       |       |       |       |    10 ||    10
 Cast: Foxfire           |    70 |   112 |   190 |   163 |    52 |    55 ||   642
       Conjure Flame     |       |     1 |       |     2 |     1 |       ||     4
       Fireball          |       |       |    13 |   148 |   368 |   441 ||   970
       Bolt of Magma     |       |       |       |       |       |    12 ||    12
       Starburst         |       |       |       |       |       |     4 ||     4
Evoke: Wand              |       |       |       |     9 |     3 |     6 ||    18
       Lightning rod     |       |       |       |       |       |     1 ||     1
  Use: Scroll            |       |     2 |     6 |     8 |    12 |     4 ||    32
       Potion            |       |       |     1 |     1 |     2 |       ||     4
Armor: Robe              |     3 |     3 |     6 |    20 |    14 |    48 ||    94
Dodge: Dodged            |     5 |     6 |    20 |    71 |    53 |   178 ||   333
Block: Other             |       |       |     6 |    28 |    13 |    52 ||    99
       Reflection        |       |       |       |       |     1 |     2 ||     3

Table legend: (Time is in decaauts)
 A = Elapsed time spent in this place.
 B = Non-inter-level travel time spent in this place.
 C = Inter-level travel time spent in this place.
 D = Time resting spent in this place.
 E = Time spent auto-exploring this place.
 F = Levels seen in this place.
 G = Mean time per level.
                   A        B        C        D        E       F      G
               +--------+--------+--------+--------+--------+-----+--------+
         Total |  46420 |  42462 |   3958 |  18675 |  16988 |  29 | 1600.7 |
       Dungeon |  19411 |  17906 |   1505 |   5393 |   9498 |  15 | 1294.1 |
        Temple |    379 |    301 |     78 |      0 |    204 |   1 |  379.0 |
          Lair |  13621 |  12714 |    907 |   6311 |   4583 |   6 | 2270.2 |
   Spider Nest |   7551 |   6652 |    899 |   4017 |   1895 |   4 | 1887.8 |
  Orcish Mines |   4672 |   4105 |    567 |   2661 |    637 |   2 | 2336.0 |
        Bailey |    784 |    784 |      0 |    293 |    170 |   1 |  784.0 |
               +--------+--------+--------+--------+--------+-----+--------+

Top non-repeatable levels by time:
Spider:1: 2950 daAuts
  Lair:5: 2907 daAuts
  Lair:1: 2862 daAuts
  Lair:6: 2416 daAuts
   Orc:1: 2386 daAuts
   Orc:2: 2286 daAuts
     D:6: 2200 daAuts
Spider:3: 2187 daAuts
  Lair:4: 2079 daAuts
  Lair:3: 1776 daAuts
    D:13: 1632 daAuts
     D:5: 1604 daAuts
  Lair:2: 1579 daAuts
Spider:2: 1548 daAuts
     D:8: 1495 daAuts
